 Dungeon Crawl Stone Soup version 0.20-a0-947-g2784f4f (webtiles) character file.

998 Klosterheim the Destroyer (level 8, -8/61 HPs)
             Began as a Deep Elf Conjurer on Apr 3, 2017.
             Shot with an arrow by a centaur (11 damage)
             ... on level 5 of the Dungeon.
             The game lasted 00:09:47 (6292 turns).

Klosterheim the Destroyer (Deep Elf Conjurer)       Turns: 6292, Time: 00:09:48

Health: -8/61      AC: 24    Str:  5    XL:     8   Next: 0%
Magic:  5/21       EV:  2    Int: 23    God:
Gold:   173        SH:  0    Dex: 15    Spells: 9/21 levels left

rFire    . . .     SeeInvis .   m - +0 scythe
rCold    . . .     Gourm    .   (shield currently unavailable)
rNeg     + + +     Faith    .   (armour currently unavailable)
rPois    +         Spirit   .   (helmet currently unavailable)
rElec    .         Reflect  .   (cloak currently unavailable)
rCorr    .         Harm     .   (gloves currently unavailable)
MR       .....     NoTele   +   (boots currently unavailable)
Stlth    ++........             (no amulet)
Regen    0.2/turn               h - ring of wizardry
MPRegen  0.2/turn               (no ring)

@: tree-form
A: no striking features
a: no special abilities


You were on level 5 of the Dungeon.
You were hungry.
You were a tree.
You visited 1 branch of the dungeon, and saw 5 of its levels.

You collected 173 gold pieces.

Inventory:

Hand Weapons
 m - a +0 scythe (weapon)
Armour
 n - a +0 robe of magic resistance (melded)
Jewellery
 h - a ring of wizardry (left branch)
Scrolls
 d - a scroll of fog
 j - 2 scrolls of identify
 p - 2 scrolls of remove curse
 r - a scroll of teleportation
Potions
 e - a potion of cancellation
 g - a potion of heal wounds {unknown}
 i - a potion of lignification
 k - a potion of magic {unknown}
 l - a potion of agility {unknown}
 o - a potion of curing {unknown}
 q - a potion of ambrosia
 s - a potion of resistance {unknown}
 u - 2 potions of brilliance {unknown}
 w - a potion of might
 z - 2 potions of mutation {unknown}
Books
 b - a book of Conjurations

   Spells                             Type                      Level
   a - Magic Dart                     Conjuration                  1
   b - Searing Ray                    Conjuration                  2
   c - Dazzling Spray                 Conjuration/Hexes            3
   d - Fulminant Prism                Conjuration/Hexes            4
   e - Force Lance                    Conjuration/Translocation    4
   f - Iskenderun's Mystic Blast      Conjuration                  4
Comestibles
 a - 4 fruits
 c - 6 bread rations
 f - 4 meat rations
 t - a royal jelly


   Skills:
 - Level 2.4 Dodging
 - Level 2.4 Stealth
 + Level 7.4 Spellcasting
 * Level 9.4 Conjurations


You had 9 spell levels left.
You knew the following spells:

 Your Spells              Type           Power        Failure   Level  Hunger
a - Magic Dart            Conj           ####         1%          1    None
b - Force Lance           Conj/Tloc      ####....     4%          4    ###....
c - Dazzling Spray        Conj/Hex       ####..       1%          3    None
d - Fulminant Prism       Conj/Hex       ####......   4%          4    ###....


Dungeon Overview and Level Annotations

Branches:
Dungeon (5/15)
 Temple: D:4-7

Altars:
Ashenzari
Xom

Annotations:
D:5 Ijyb


Message History

* * * LOW HITPOINT WARNING * * *
You see here an arrow.
It was a potion of lignification.
You turn into a tree.
Your +0 robe of magic resistance melds into your body.
You feel less resistant to hostile enchantments.
Your roots penetrate the ground.
The centaur shoots an arrow.
The arrow hits you but does no damage.
Casting: Fulminant Prism
Confirm with . or Enter, or press ? or * to list all spells.
You can't see any susceptible monsters within range! (Use Z to cast anyway.)
Casting: Fulminant Prism
Confirm with . or Enter, or press ? or * to list all spells.
Aiming: Magic Dart
Press: ? - help, Shift-Dir - straight line, f - centaur
Aim: a centaur, wielding a shortbow The magic dart hits the centaur.
The centaur is lightly wounded.
The centaur shoots an arrow.
The arrow hits you but does no damage.
The centaur shoots an arrow.
The arrow hits you!
You die...

.......
#...............
...%...
#..<.........)).
.......
#.........))c.).
.......
#...#......()...
#...##.........#
#...##.........#
#...##.........#
#.......(.#
#.......♣.#
#.........#
#.........#
###.......##########
#................#
#....(...........#
#................+
########.......<.#
#.........#


You could see a centaur.

Vanquished Creatures
  Sigmund (D:2)
  2 ogres (D:5)
  2 scorpions (D:4)
  A crimson imp (D:5)
  A bullfrog zombie (D:3)
  2 orc priests
  2 hounds
  A bullfrog skeleton (D:5)
  6 orc wizards
  2 worker ants (D:4)
  An iguana (D:4)
  2 adders (D:2)
  2 oozes
  3 worms
  3 dart slugs
  3 leopard geckos
  12 orcs
  2 ball pythons
  6 giant cockroaches
  4 goblins
  9 hobgoblins
  6 jackals
  3 kobolds
  A quokka (D:2)
  17 bats
  5 frilled lizards
  A jackal skeleton (D:4)
  A leopard gecko skeleton (D:4)
  A quokka skeleton (D:5)
  4 rats
  2 fulminant prisms
108 creatures vanquished.

Vanquished Creatures (others)
  11 fulminant prisms
11 creatures vanquished.

Grand Total: 119 creatures vanquished

Notes
Turn   | Place    | Note
-------+----------+-------------------------------------------
     0 | D:1      | Klosterheim the Deep Elf Conjurer began the quest for the Orb.
     0 | D:1      | Reached XP level 1. HP: 10/10 MP: 6/6
   188 | D:1      | Reached XP level 2. HP: 15/15 MP: 4/8
   333 | D:1      | Reached skill level 5 in Conjurations
   828 | D:1      | Reached XP level 3. HP: 19/19 MP: 7/10
  1198 | D:2      | Noticed Sigmund
  1206 | D:2      | Killed Sigmund
  1206 | D:2      | Reached skill level 6 in Conjurations
  1206 | D:2      | Reached XP level 4. HP: 13/24 MP: 2/12
  1206 | D:2      | Reached XP level 5. HP: 16/28 MP: 2/14
  1346 | D:2      | Learned a level 4 spell: Force Lance
  1429 | D:2      | Reached skill level 5 in Spellcasting
  2735 | D:3      | Reached skill level 7 in Conjurations
  2917 | D:3      | Found a shattered altar of Ashenzari.
  2997 | D:3      | Reached XP level 6. HP: 32/32 MP: 10/16
  3367 | D:3      | Learned a level 3 spell: Dazzling Spray
  3372 | D:3      | Learned a level 4 spell: Fulminant Prism
  3763 | D:3      | Found a shimmering altar of Xom.
  5105 | D:4      | Reached skill level 8 in Conjurations
  5364 | D:4      | Reached XP level 7. HP: 36/36 MP: 6/18
  5809 | D:5      | Entered Level 5 of the Dungeon
  5854 | D:5      | Noticed Ijyb
  6222 | D:5      | Reached skill level 9 in Conjurations
  6288 | D:5      | Reached XP level 8. HP: 27/41 MP: 9/21
  6290 | D:5      | HP: 2/41 [centaur/arrow (19)]
  6292 | D:5      | Shot with an arrow by a centaur

Vault maps used:
D:1:      dpeg_arrival_rooms_a, minmay_pentomino_u2
D:2:      first_bread, uniq_sigmund
D:3:      evilmike_ruin_ashenzari, overflow_temple_1_default
D:5:      marbit_many_paths, uniq_iyjb, uniq_prince_ribbit1, uniq_edmund

Skill      XL: |  1  2  3  4  5  6  7 |
---------------+----------------------+-----
Conjurations   | 5 6 7 8 9 |  9.4
Spellcasting   | 4 5 6 7 |  7.4
Dodging        | |  2.4
Stealth        | |  2.4

Action                   |  1- 3 |  4- 6 |  7- 9 || total
-------------------------+-------+-------+-------++-------
Melee: Unarmed           |     3 |       |       ||     3
       Scythe            |       |     6 |       ||     6
 Cast: Magic Dart        |    63 |   115 |    21 ||   199
       Force Lance       |       |    21 |     6 ||    27
       Fulminant Prism   |       |     9 |     4 ||    13
       Dazzling Spray    |       |     2 |       ||     2
  Use: Scroll            |       |     7 |     2 ||     9
       Potion            |       |     2 |     1 ||     3
  Eat: Chunk             |     1 |    16 |     1 ||    18
       Fruit             |       |       |     3 ||     3
Armor: Robe              |     2 |     3 |       ||     5
       Skin              |       |       |     2 ||     2
Dodge: Dodged            |     9 |    37 |       ||    46
